[Event "RLP-ch Rapid 2024"]
[Site "Landau"]
[Date "2024.05.04"]
[Round "4.4"]
[White "Baerwinkel, Tobias"]
[Black "Lebzak, Jaroslav"]
[Result "1/2-1/2"]
[ECO "E04"]
[WhiteElo "2289"]
[BlackElo "2141"]
[Annotator "TA"]
[PlyCount "128"]
[EventDate "2024.05.03"]
[EventType "swiss"]
[EventCountry "GER"]
[SourceTitle "playchess.com"]
[Source "ChessBase"]
[SourceQuality "1"]
[TimeControl "900+5"]

1. d4 d5 2. c4 e6 3. Nf3 Nf6 4. g3 dxc4 5. Bg2 Bb4+ 6. Bd2 a5 7. a3 {[%emt 0:00:21] E04: Open Catalan: 5 Nf3.} Be7 8. Qa4+ Bd7 9. Qxc4 Bc6 10. O-O O-O 11. Rd1 $146 ({Predecessor:} 11. Nc3 Nbd7 12. Qd3 a4 13. Rfd1 Qb8 14. e4 Rd8 15. Qe2 Nb6 16. Bf4 Ra5 17. Rac1 Nh5 18. Be3 Nf6 19. d5 exd5 20. Bxb6 cxb6 21. exd5 Nxd5 22. Nxd5 {1-0 Gelfand,B (2620)-Najer,E (2566) Wch Blitz Almaty 2022 (9)}) 11... Bd5 12. Qc2 a4 13. Rc1 Nc6 14. Nc3 Bxf3 15. Bxf3 Nxd4 16. Qd1 Nb3 17. Bf4 c6 18. Qc2 Nd5 19. Nxa4 Nxa1 20. Rxa1 Nxf4 21. gxf4 Qd4 22. Nc3 Qxf4 23. Be4 f5 24. e3 Qe5 25. Bf3 Rf6 26. Qb3 (26. Kf1 $142) 26... Rb8 27. Rd1 (27. Kf1 $142) 27... Rg6+ $19 28. Kf1 Bh4 29. Ke2 Bxf2 30. Na4 b5 31. Qc3 Qxh2 32. Rh1 Qg3 33. Nc5 f4 $4 (33... e5 $19 {avoids the disaster.} 34. Rf1 Bg1) 34. Ne4 $18 Qg1 (34... b4 35. Qe5 (35. Qxc6 Qxf3+ 36. Kxf3 bxa3 $18) 35... Rd8 (35... Rb5 $2 36. Qc7 $18) 36. Nxg3 Bxg3 37. Qh5 $18 (37. exf4 Rf6 $18) (37. axb4 Rf8 $18)) 35. Rxg1 (35. Nxf2 Qg5 $11) (35. Qxc6 Qxh1 36. Bxh1 fxe3 $18) 35... Bxg1 36. exf4 (36. Qxc6 Bxe3 37. Qd7 Rf8) 36... Rf8 (36... Bh2 $142 37. Qd2 (37. Qxc6 Bxf4 38. Kd3 Kh8 $18) 37... Rf8) 37. Qxc6 $18 Rxf4 38. Qxb5 Rf8 39. a4 Rh6 40. Qd7 Rh2+ 41. Kf1 Be3 42. Qxe6+ Kh8 43. Qg4 (43. Ke1 $142 Bf4 44. b4) 43... Rxb2 $18 44. Ke1 $1 Ra2 45. Bd1 Bb6 {[%emt 0:00:11] [#]} 46. Qh5 $1 Ra3 $2 (46... h6 47. Qd5 Rh2) 47. Qb5 (47. Ng5 $142 Re3+ 48. Kd2 Rf2+ 49. Kc1) 47... Rb8 $2 (47... Re3+ 48. Kd2 Rd8+ 49. Kc2 Rc8+ 50. Kb1 Rb8) 48. Kf1 Ra1 49. Nc3 (49. Qd5 $142) 49... h6 $2 (49... Rc1) 50. Qe5 $2 (50. Kg2) 50... Rf8+ $2 (50... Rd8 {was called for.}) 51. Kg2 $2 (51. Ke2 $18 {is the precise move to win.}) 51... Rc1 {[%emt 0:00:08] [#]} (51... Rc8 $16 52. Qe6 Rxc3) 52. a5 $1 $18 Ba7 53. a6 $2 (53. Qe1 $18) 53... Rc8 $11 54. Bg4 Rc2+ $2 (54... Rg1+ $11 55. Kh3 Rh1+ 56. Kg2 Rg1+ 57. Kh3 Rh1+ 58. Kg2 Rg1+) 55. Ne2 $18 Rf8 56. Qe7 Bc5 57. Qb7 Rf2+ 58. Kg3 Rf8 59. a7 $2 (59. Bf3 $18) 59... Ra2 $16 60. Nf4 (60. Kg2 $16 {Strongly threatening Qd5.} Rxa7 61. Qc6) 60... Bd6 $1 $11 61. Bf3 (61. Be6 $11 Bxf4+ 62. Kg4) 61... Rxf4 $2 (61... Bxf4+ $15 62. Kg4 Bd6) 62. a8=Q+ $2 (62. a8=B $2 {gets mated.} Rb4+ 63. Kh3 Rh2#) (62. Qb8+ $18 Kh7 63. Qxd6 (63. a8=R $2 {perishes.} Bxb8 64. Rxb8 Rc4 $19) (63. a8=Q Rxa8 64. Qxd6 Raf8 $14) 63... Rxf3+ 64. Kxf3 Rxa7 65. Ke4) 62... Rxa8 $15 63. Qxa8+ Rf8+ 64. Kg4 Bb4 $2 (64... Rxa8 $15 65. Bxa8 g6) 1/2-1/2

[Event "RLP-ch Rapid 2024"]
[Site "Landau"]
[Date "2024.05.04"]
[Round "4.5"]
[White "Meuer, David"]
[Black "Hinrichs, Paul"]
[Result "0-1"]
[ECO "C47"]
[WhiteElo "2067"]
[BlackElo "2255"]
[Annotator "TA"]
[PlyCount "72"]
[EventDate "2024.05.03"]
[EventType "swiss"]
[EventCountry "GER"]
[SourceTitle "playchess.com"]
[Source "ChessBase"]
[SourceQuality "1"]
[TimeControl "900+5"]

1. e4 e5 2. Nf3 Nc6 3. d4 exd4 4. Nxd4 Nf6 5. Nc3 Nxe4 6. Nxe4 Qe7 7. f3 d5 8. Nxc6 (8. Bb5 $5 Bd7 9. Bxc6 bxc6 10. O-O (10. Bg5 f6 $11) 10... dxe4 11. Re1 $14) 8... bxc6 9. Qe2 $1 dxe4 10. Qxe4 {[%emt 0:00:03] The position is equal.} Qxe4+ 11. fxe4 Be6 12. Bd3 Bd6 13. Bd2 Be5 14. c3 Rb8 15. b3 f6 {[%emt 0:00:24] Black is more active.} 16. O-O-O Kf7 17. Kc2 Rhd8 18. Be3 a5 19. Be2 (19. Bc4 $11) 19... Re8 20. Bd4 Bd6 21. h3 {[%emt 0:00:43] [#]} a4 $1 22. c4 axb3+ 23. axb3 Bf5 24. Bh5+ Bg6 25. Bxg6+ hxg6 26. Rhe1 Re6 27. Rd3 Rbe8 $36 {[%emt 0:00:05][%mdl 2048] Black has some pressure.} 28. Rde3 g5 29. Bc3 Bf4 30. R3e2 Bg3 31. Rd1 Rxe4 32. Rxe4 Rxe4 33. Kd3 Re7 34. Ra1 Bf4 35. Bd4 {[%emt 0:00:15][%mdl 8192] [#] Prevents Re3+} (35. Re1 $17) 35... Rd7 $1 $19 36. Kc3 {[%emt 0:00:08] [#]} Rxd4 $1 {[%emt 0:00:03][%mdl 512] Weighted Error Value: White=0.41/Black=0.09 (flawless) .  Loses game:     	White=1     	---        Mistake:       	White=1     	---        Inaccurate:     	White=4     	Black=3      OK:         	White=5     	Black=10     Best:        	White=1     	Black=1      Strong:       	White=1     	Black=1} 0-1

[Event "RLP-ch Rapid 2024"]
[Site "Landau"]
[Date "2024.05.04"]
[Round "4.6"]
[White "Bender, Tim"]
[Black "Sidletskyi, Ivan"]
[Result "0-1"]
[ECO "E32"]
[WhiteElo "1850"]
[BlackElo "2346"]
[Annotator "RC"]
[PlyCount "48"]
[EventDate "2024.05.03"]
[EventType "swiss"]
[EventCountry "GER"]
[SourceTitle "playchess.com"]
[Source "ChessBase"]
[SourceQuality "1"]
[TimeControl "900+5"]

1. d4 Nf6 2. c4 e6 3. Nc3 Bb4 4. Qc2 d6 5. Bd2 Nbd7 6. a3 Bxc3 7. Bxc3 O-O 8. Nf3 b6 9. g3 Bb7 10. Bg2 c5 11. O-O Be4 12. Qc1 Rc8 13. Nd2 Bxg2 14. Kxg2 d5 15. dxc5 Nxc5 16. Qd1 d4 17. Bb4 e5 18. Bxc5 bxc5 19. Qc2 Qb6 20. b4 cxb4 21. axb4 Qb7+ 22. f3 Nd5 23. Qe4 Ne3+ 24. Kf2 Qxb4 0-1

[Event "RLP-ch Rapid 2024"]
[Site "Landau"]
[Date "2024.05.04"]
[Round "4.7"]
[White "Commercon, Simon"]
[Black "Lutterbach, Jakob"]
[Result "1-0"]
[ECO "D02"]
[WhiteElo "2204"]
[BlackElo "1858"]
[Annotator "RC"]
[PlyCount "59"]
[EventDate "2024.05.03"]
[EventType "swiss"]
[EventCountry "GER"]
[SourceTitle "playchess.com"]
[Source "ChessBase"]
[SourceQuality "1"]
[TimeControl "900+5"]

1. d4 Nf6 2. Nf3 d5 3. g3 Bf5 4. Bg2 e6 5. O-O c6 6. Nbd2 h6 7. b3 Be7 8. Bb2 O-O 9. c4 a5 10. a3 Ne4 11. Ne5 Nxd2 12. Qxd2 Nd7 13. Nd3 a4 14. Qc3 axb3 15. cxd5 exd5 16. Qxb3 Nb6 17. a4 Nc4 18. Bc3 Qc7 19. Rfb1 Rfb8 20. Bb4 Bxb4 21. Qxb4 Bxd3 22. exd3 Nd6 23. a5 Ra6 24. Qc3 Qd8 25. Rb2 Rba8 26. Rba2 Nb5 27. Qb4 Qf6 28. Bxd5 Qxd4 29. Bc4 Nd6 30. Bxf7+ 1-0

[Event "RLP-ch Rapid 2024"]
[Site "Landau"]
[Date "2024.05.04"]
[Round "4.8"]
[White "Yakovenko, Oleg"]
[Black "Perske, Paul"]
[Result "1-0"]
[ECO "B38"]
[WhiteElo "2281"]
[BlackElo "2120"]
[Annotator "RC"]
[PlyCount "71"]
[EventDate "2024.05.03"]
[EventType "swiss"]
[EventCountry "GER"]
[SourceTitle "playchess.com"]
[Source "ChessBase"]
[SourceQuality "1"]
[TimeControl "900+5"]

1. Nf3 Nf6 2. c4 g6 3. Nc3 c5 4. e4 Bg7 5. d4 cxd4 6. Nxd4 Nc6 7. Be3 O-O 8. Be2 d6 9. O-O Bd7 10. Qd2 Nxd4 11. Bxd4 Bc6 12. f3 a5 13. b3 Nd7 14. Be3 Nc5 15. Rab1 Qd7 16. Rfc1 Rfd8 17. Bf1 f5 18. exf5 Qxf5 19. Re1 b6 20. Rbd1 e6 21. Bd4 Bxd4+ 22. Qxd4 e5 23. Qe3 Rab8 24. Bd3 Nxd3 25. Rxd3 b5 26. cxb5 Bxb5 27. Rd5 Qd7 28. Ne4 Qc6 29. Red1 Qc2 30. Rc1 Qxa2 31. Rc7 Rf8 32. Rxd6 Qe2 33. Qxe2 Bxe2 34. Nf6+ Rxf6 35. Rxf6 Rxb3 36. Re6 1-0

[Event "RLP-ch Rapid 2024"]
[Site "Landau"]
[Date "2024.05.04"]
[Round "4.9"]
[White "Mader, Lena"]
[Black "Graf, Ann-Jennifer"]
[Result "0-1"]
[ECO "A17"]
[WhiteElo "1902"]
[BlackElo "1827"]
[Annotator "NA RC"]
[PlyCount "114"]
[EventDate "2024.05.03"]
[EventType "swiss"]
[EventCountry "GER"]
[SourceTitle "playchess.com"]
[Source "ChessBase"]
[SourceQuality "1"]
[TimeControl "900+5"]

1. c4 b6 2. Nc3 e6 3. Nf3 Nf6 4. g3 Bb7 5. Bg2 d5 6. cxd5 exd5 7. d4 Bb4 8. O-O Bxc3 9. bxc3 O-O 10. Bg5 h6 11. Bxf6 Qxf6 12. e3 Nd7 13. Qb3 c5 14. a4 Qd6 15. Rfc1 f5 16. c4 Nf6 17. dxc5 Qxc5 18. cxd5 Qxd5 19. Qb1 Ne4 20. Qb2 Ng5 21. Nh4 Ne4 22. Rd1 Qe6 23. Nf3 Rac8 24. Rac1 Rxc1 25. Rxc1 Nc5 26. Nd4 Qd7 27. Bxb7 Nxb7 28. Qb3+ Kh7 29. Qb1 Nc5 30. a5 Na4 31. axb6 Nxb6 32. Rd1 Qf7 33. Qa1 Rd8 34. Qb1 g6 35. Qa1 Nc4 36. Qa6 Rd6 37. Qc8 Ne5 38. Qc1 Qd7 39. h3 Nf3+ 40. Kg2 Nxd4 41. Rxd4 Rxd4 42. exd4 Qxd4 43. Qc7+ Qg7 44. Qa5 Qb7+ 45. Kf1 a6 46. h4 Qb5+ 47. Qxb5 axb5 48. Ke2 Kg7 49. Kd3 Kf6 50. Kc3 Ke5 51. Kb4 Ke4 52. Kxb5 Kf3 53. Kc4 Kxf2 54. Kd3 Kxg3 55. Ke3 f4+ 56. Ke2 Kg2 57. Ke1 f3 0-1

[Event "RLP-ch Rapid 2024"]
[Site "Landau"]
[Date "2024.05.04"]
[Round "5.1"]
[White "Frischmann, Rick"]
[Black "Carow, Johannes"]
[Result "0-1"]
[ECO "B12"]
[WhiteElo "2355"]
[BlackElo "2456"]
[Annotator "TA"]
[PlyCount "38"]
[EventDate "2024.05.03"]
[EventType "swiss"]
[EventCountry "GER"]
[SourceTitle "playchess.com"]
[Source "ChessBase"]
[SourceQuality "1"]
[TimeControl "900+5"]

1. e4 c6 2. d4 d5 3. f3 e6 4. Nc3 Ne7 5. Be3 b6 6. Qd2 Ba6 7. Nge2 Nd7 8. h4 {[%emt 0:01:03] White is slightly better.} dxe4 ({Black should try} 8... Nc8 $14) 9. fxe4 $16 Nf6 10. O-O-O b5 11. Ng3 Qa5 12. Kb1 {[%emt 0:00:22][%cal Oc3b5] Nxb5! would now be deadly.} Rd8 13. e5 Ng4 14. Bf4 (14. Bg5 $18 {and White stays clearly on top. And now Qf4 would win.} Nxe5 15. Nxb5) 14... b4 15. Nce4 {[%emt 0:00:10] Black must now prevent Nd6+.} Nd5 16. Bg5 ({Better is} 16. h5 $16) 16... Rb8 17. Be2 $2 {[%emt 0:00:28][%mdl 8192] [#]} (17. Qe1 $14) 17... Nc3+ $1 $19 {[%emt 0:00:29][%mdl 512] Black is clearly winning.} 18. Kc1 (18. Qxc3 bxc3) 18... Nxa2+ ({Less strong is} 18... Nxd1 19. Qxd1 (19. Bxg4 Nxb2 20. Kxb2 Qa3+ 21. Ka1 Bc4 $19) 19... b3 20. axb3 Qa1+ 21. Kd2 Bb4+ (21... Qxb2 22. Bxa6 Qxd4+ 23. Ke2 $11) 22. c3 Qxb2+ 23. Qc2 Qxc2+ 24. Kxc2 Bxe2 25. cxb4 $15) 19. Kb1 {[%emt 0:00:01] [#]} Nc3+ $1 {[%emt 0:00:07][%mdl 512] Weighted Error Value: White=1.15/Black=0.10 (very precise) .  Loses game:     	White=1     	---        Mistake:       	White=2     	Black=1      Inaccurate:     	White=1     	Black=1      OK:         	White=4     	Black=4      Best:        	---       	Black=1      Brilliant:      	---       	Black=1} 0-1

[Event "RLP-ch Rapid 2024"]
[Site "Landau"]
[Date "2024.05.04"]
[Round "5.2"]
[White "Barzen, Pascal"]
[Black "Hinrichs, Paul"]
[Result "1-0"]
[ECO "C93"]
[WhiteElo "2291"]
[BlackElo "2255"]
[Annotator "NA RC"]
[PlyCount "95"]
[EventDate "2024.05.03"]
[EventType "swiss"]
[EventCountry "GER"]
[SourceTitle "playchess.com"]
[Source "ChessBase"]
[SourceQuality "1"]
[TimeControl "900+5"]

1. e4 e5 2. Nf3 Nc6 3. Bb5 a6 4. Ba4 Nf6 5. O-O Be7 6. Re1 b5 7. Bb3 d6 8. c3 O-O 9. h3 Bb7 10. d4 Re8 11. Nbd2 Bf8 12. a3 h6 13. Bc2 Nb8 14. b3 Nbd7 15. d5 c6 16. c4 a5 17. a4 b4 18. Nf1 cxd5 19. exd5 Nc5 20. Ng3 g6 21. Be3 Nfd7 22. Qd2 Kh7 23. h4 e4 24. Nd4 Qxh4 25. Nb5 Rac8 26. Bf4 Qf6 27. Rad1 Ba6 28. Nd4 Bg7 29. Nc6 Nd3 30. Bxd3 exd3 31. Be3 Qh4 32. Qxd3 Ne5 33. Nxe5 Rxe5 34. Bb6 Rce8 35. Rxe5 Rxe5 36. Bxa5 Bc8 37. Bxb4 Bg4 38. Re1 f5 39. Rxe5 Bxe5 40. Bc3 f4 41. Bxe5 dxe5 42. Ne4 Bf5 43. d6 Qd8 44. c5 Qa8 45. f3 Qa7 46. Qd5 Bxe4 47. fxe4 Qa5 48. Qb7+ 1-0

[Event "RLP-ch Rapid 2024"]
[Site "Landau"]
[Date "2024.05.04"]
[Round "5.3"]
[White "Sidletskyi, Ivan"]
[Black "Lang, Torsten"]
[Result "1-0"]
[ECO "A36"]
[WhiteElo "2346"]
[BlackElo "2299"]
[Annotator "TA"]
[PlyCount "111"]
[EventDate "2024.05.03"]
[EventType "swiss"]
[EventCountry "GER"]
[SourceTitle "playchess.com"]
[Source "ChessBase"]
[SourceQuality "1"]
[TimeControl "900+5"]

1. c4 g6 2. Nc3 Bg7 3. e4 c5 4. g3 Nc6 5. Bg2 Nf6 6. Nge2 O-O 7. O-O Ne8 8. d3 Nc7 9. Be3 Ne6 10. f4 Ned4 11. Rb1 {[%emt 0:00:40] The position is equal.} e6 12. a3 a5 {[%emt 0:00:07] [#]} 13. b4 axb4 $11 14. axb4 b6 (14... Nxb4 15. e5 Nxe2+ 16. Qxe2 $11) (14... cxb4 15. Nb5 Nxb5 16. cxb5 $16) (14... Nxe2+ $1 $11 15. Nxe2 cxb4) 15. b5 Nxe2+ 16. Nxe2 Na5 17. e5 ({White should play} 17. f5 $14) 17... Bb7 18. Bxb7 Nxb7 19. d4 Qc7 20. Nc3 d6 (20... Ra3 $11 21. Rc1 d6 22. dxc5 bxc5) 21. dxc5 $14 bxc5 22. exd6 (22. Qf3 $14 {stays ahead.}) 22... Nxd6 $17 23. Qb3 Nf5 24. Ne2 Rfd8 25. Rbd1 Qb6 (25... Nxe3 $1 $15 26. Qxe3 Ra2) 26. Bf2 $11 h5 27. Rxd8+ Rxd8 28. Rd1 {[%emt 0:00:04] Prevents Rd2} Nd4 29. Bxd4 Bxd4+ 30. Kg2 Ra8 31. Rd2 Ra1 (31... Bf6 $11) 32. Nxd4 $16 cxd4 {[%emt 0:00:02][%mdl 4096] Endgame. [#] KQR-KQR} 33. Qd3 (33. Qb2 $1 $16 Re1 (33... Qb7+ $2 34. Kh3 $18) 34. Rxd4 (34. Qxd4 Qb7+ 35. Kh3 Qf3 $11)) 33... Qb7+ $11 34. Kh3 Rg1 $2 {[%emt 0:00:37][%mdl 8192] Black is on the road to losing.} (34... e5 $11) 35. Qxd4 $18 Qh1 36. Qf6 {[%emt 0:00:15] White threatens Rd8+ and mate.} Rxg3+ 37. Kxg3 Qe1+ 38. Rf2 Qe3+ 39. Kg2 Qe4+ 40. Kf1 Qb1+ 41. Kg2 Qe4+ 42. Kf1 Qb1+ $1 43. Ke2 Qc2+ {[%emt 0:00:03] [#]} 44. Ke3 $1 Qc1+ 45. Rd2 {[%emt 0:00:06] White wants to mate with Ke2.} Qe1+ 46. Kd3 {[%emt 0:00:11] Kc2 would kill now.} Qb1+ 47. Rc2 (47. Ke2 $142 Qe4+ 48. Kf2 Qa8 49. Rd8+ Qxd8 50. Qxd8+ Kg7 51. b6 g5 52. Qxg5+ (52. fxg5 Kh7 53. b7 h4 54. Qf6 h3 55. Qxf7+ Kh8 56. b8=Q#) 52... Kh7 53. b7 (53. Qxh5+ Kg8 54. b7 Kf8 55. b8=Q+ Ke7 56. Qc7+ Kf8 57. Qhxf7#) 53... f6 54. Qxh5+ (54. b8=Q fxg5 55. fxg5 Kg6 56. Qf4 h4 57. Qf6+ Kh7 58. Qf7+ Kh8 59. g6 h3 60. Qh7#) 54... Kg7 55. b8=Q f5 56. Qbh8#) 47... Qd1+ 48. Kc3 Qa1+ 49. Rb2 Qa3+ 50. Kd2 {[%emt 0:00:07] Threatening mate with b6.} Qf3 51. Qd4 h4 52. b6 {[%emt 0:00:03] White mates.} Qg2+ 53. Kc3 Qf3+ 54. Kb4 h3 55. Rb3 Qg2 56. Kb5 {[%emt 0:00:12] Weighted Error Value: White=0.63/Black=0.28 (precise) .  Loses game:     	---       	Black=1      Mistake:       	White=4     	Black=4      Inaccurate:     	White=3     	Black=4      OK:         	White=7     	Black=10     Best:        	White=4     	---        Strong:       	---       	Black=1} 1-0

[Event "RLP-ch Rapid 2024"]
[Site "Landau"]
[Date "2024.05.04"]
[Round "5.4"]
[White "Boder, Jan"]
[Black "Commercon, Simon"]
[Result "1-0"]
[ECO "E69"]
[WhiteElo "2318"]
[BlackElo "2204"]
[Annotator "TA"]
[PlyCount "123"]
[EventDate "2024.05.03"]
[EventType "swiss"]
[EventCountry "GER"]
[SourceTitle "playchess.com"]
[Source "ChessBase"]
[SourceQuality "1"]
[TimeControl "900+5"]

1. c4 Nf6 2. g3 g6 3. Bg2 Bg7 4. Nc3 d6 5. d4 O-O 6. Nf3 Nbd7 7. O-O e5 8. e4 c6 9. h3 Qb6 10. c5 dxc5 11. dxe5 Ne8 12. Bg5 (12. Na4 $11 Qa5 13. e6 fxe6 14. Be3) 12... Nxe5 13. Be7 Qxb2 14. Rc1 {[%emt 0:00:18] [#]} Be6 $2 15. Bxc5 (15. Nxe5 $16 {Hoping for Nd3.} Bxe5 16. Na4 Qxa2 17. Nxc5 (17. Bxf8 Bb3 $16)) 15... Nxf3+ $11 16. Qxf3 b6 17. Bxf8 $14 Kxf8 {[%emt 0:00:05] [#]} 18. e5 $1 Rc8 (18... Bxe5 19. Qe3) 19. Rb1 (19. Qe3 $16) 19... Qa3 20. Rfe1 $36 {[%emt 0:00:08][%mdl 2048] White is more active.} Qa5 21. Qe3 Kg8 22. f4 h5 23. Kh2 Bf8 24. Ne4 Bd5 ({Better is} 24... Be7 $14) 25. Rec1 (25. f5 $1 $18 {Qg5 would now be deadly.} Qxa2 26. fxg6 fxg6 27. Rbd1) 25... Be7 {[%emt 0:00:13] [#] Against Qg5} (25... Qxa2 $142 26. Ra1 Qb2) 26. a4 $1 Rd8 27. Rd1 Kf8 $2 (27... Qxa4 $2 28. Ra1 Qb4 (28... Qc2 $2 29. Rd2 $18) 29. Rxa7 $18) (27... Ng7 $16) 28. f5 $1 $18 gxf5 (28... Bxe4 $142 29. Qh6+ (29. Qxe4 Rxd1 30. Rxd1 gxf5 $18) (29. Bxe4 Qxe5 30. Qh6+ Qg7 $18) 29... Kg8) 29. Qh6+ Kg8 30. Nf6+ $2 (30. Ng5 $18 {and the rest is easy. Qh7+ would kill now.} Bxg5 31. Qxg5+ Kf8 32. Qxd8) 30... Bxf6 $16 31. exf6 Qc3 {[%emt 0:00:15] [#]} 32. Qg5+ $1 ({Don't take} 32. Qxh5 Qxf6 33. Bxd5 Rxd5 $14) 32... Kf8 33. Qxf5 {[%emt 0:00:28] White is more active.} ({Resist} 33. Qxh5 $6 Qxf6 34. Bxd5 Rxd5 $16) 33... Qxf6 34. Qxh5 Qf2 $2 (34... Ng7 {might work better.} 35. Qe2 Bxg2 36. Qxg2 c5 37. Rxd8+ Qxd8) 35. Qh6+ (35. Qh8+ $142 Ke7 36. Rb2) 35... Ke7 $2 (35... Kg8 36. Rd2 Qf6 37. Qxf6 Nxf6) 36. Rd2 $18 Qf6 37. Re1+ Kd7 38. Qh5 Nc7 (38... Kc8 {is tougher.} 39. Rf1 Qg6) 39. Rf1 Qe6 40. Qxf7+ Qxf7 41. Rxf7+ Kd6 42. Bxd5 cxd5 {[%emt 0:00:05][%mdl 4096] Endgame. KRR-KRN} 43. h4 a6 44. Rf5 b5 45. axb5 {[%emt 0:00:01] Threatens to win with b6.} axb5 46. g4 b4 47. h5 b3 48. Rf3 Rb8 49. Rb2 Rb4 50. Kg3 Ne6 51. Rfxb3 Re4 52. h6 Ng5 53. Rf2 Re7 54. Rf5 Ne4+ 55. Kf4 Kc5 56. Ra3 Kc4 57. Ra4+ Kb5 58. Rxd5+ Kxa4 59. Rd4+ {[%emt 0:00:01] White mates.} Kb5 60. Rxe4 Rf7+ 61. Kg5 Kc5 62. Kg6 {[%emt 0:00:02] Weighted Error Value: White=0.64/Black=0.67.  Loses game:     	---       	Black=1      Mistake:       	White=4     	Black=8      Inaccurate:     	White=4     	Black=2      OK:         	White=7     	Black=4      Best:        	White=6     	Black=4      Strong:       	White=2     	---} 1-0

[Event "RLP-ch Rapid 2024"]
[Site "Landau"]
[Date "2024.05.04"]
[Round "5.5"]
[White "Lebzak, Jaroslav"]
[Black "Bruch, Jochen"]
[Result "1-0"]
[ECO "B81"]
[WhiteElo "2141"]
[BlackElo "2181"]
[Annotator "NA RC"]
[PlyCount "67"]
[EventDate "2024.05.03"]
[EventType "swiss"]
[EventCountry "GER"]
[SourceTitle "playchess.com"]
[Source "ChessBase"]
[SourceQuality "1"]
[TimeControl "900+5"]

1. e4 c5 2. Nf3 e6 3. d4 cxd4 4. Nxd4 Nf6 5. Nc3 d6 6. g4 h6 7. Rg1 Nc6 8. h4 h5 9. gxh5 Nxh5 10. Be2 g6 11. Bg5 Qb6 12. Nb3 a6 13. Qd2 Bd7 14. O-O-O Na5 15. Kb1 Nxb3 16. axb3 Qc7 17. f4 b5 18. Bxh5 Rxh5 19. Qd4 Bc6 20. Rge1 Rh7 21. Nd5 Bxd5 22. exd5 Bg7 23. Qd3 e5 24. fxe5 Bxe5 25. Bf6 Kf8 26. Bxe5 dxe5 27. d6 Qc5 28. Qf3 Rd8 29. Qf6 Rd7 30. Rxe5 Qc8 31. Rde1 Qd8 32. Re7 Qc8 33. Qe5 Rd8 34. d7 1-0

[Event "RLP-ch Rapid 2024"]
[Site "Landau"]
[Date "2024.05.04"]
[Round "5.6"]
[White "Esswein, Karlheinz"]
[Black "Baerwinkel, Tobias"]
[Result "0-1"]
[ECO "A30"]
[WhiteElo "2022"]
[BlackElo "2289"]
[Annotator "NA RC"]
[PlyCount "58"]
[EventDate "2024.05.03"]
[EventType "swiss"]
[EventCountry "GER"]
[SourceTitle "playchess.com"]
[Source "ChessBase"]
[SourceQuality "1"]
[TimeControl "900+5"]

1. Nf3 Nf6 2. b3 c5 3. Bb2 Nc6 4. e3 g6 5. Be2 Bg7 6. O-O O-O 7. c4 d5 8. cxd5 Qxd5 9. Nc3 Qf5 10. Rc1 Rd8 11. d3 b6 12. Ne1 Bb7 13. Bf3 Rab8 14. Qe2 Ne5 15. Bxb7 Rxb7 16. d4 cxd4 17. exd4 Rxd4 18. Nc2 Rd8 19. Ne3 Qh5 20. Qxh5 Nxh5 21. Ba3 Nf4 22. Rfd1 Ned3 23. Kf1 Rc8 24. Ncd5 Nxc1 25. Nxf4 Nxa2 26. Nfd5 e6 27. Ne7+ Rxe7 28. Bxe7 Rc1 29. Ke2 Nc3+ 0-1

[Event "RLP-ch Rapid 2024"]
[Site "Landau"]
[Date "2024.05.04"]
[Round "5.7"]
[White "Muranyi, Karl-Jasmin"]
[Black "Diesenhof, Michael"]
[Result "1-0"]
[ECO "D02"]
[WhiteElo "2338"]
[BlackElo "2016"]
[Annotator "TA"]
[PlyCount "64"]
[EventDate "2024.05.03"]
[EventType "swiss"]
[EventCountry "GER"]
[SourceTitle "playchess.com"]
[Source "ChessBase"]
[SourceQuality "1"]
[TimeControl "900+5"]

1. d4 Nf6 2. c3 d5 3. Bf4 e6 4. Nd2 Bd6 5. Bg3 c5 6. e3 Nc6 7. Ngf3 Bxg3 8. hxg3 Qb6 9. Qb3 c4 (9... O-O $11) 10. Qa3 (10. Qc2 $14) 10... Qa5 11. Qxa5 Nxa5 12. Ne5 Nd7 13. f4 Rb8 14. b4 Nxe5 (14... Nc6 $14) 15. dxe5 $16 (15. bxa5 Nc6 $15) 15... Nc6 16. Nf3 ({White should play} 16. a4 $16) 16... Bd7 (16... b5 $1 $11) 17. a4 a5 18. b5 Ne7 19. g4 f6 20. g5 {[%emt 0:00:30] White is more active.} Nf5 (20... fxg5 $16 21. Nxg5 h6) 21. Kf2 ({Much less strong is} 21. exf6 gxf6 22. g4 (22. gxf6 Nxe3 23. Ra2 O-O $16) 22... Nxe3 $16) (21. gxf6 $18 {Kf2 would now be deadly.} gxf6 22. Kf2 (22. exf6 Nxe3 23. Ra2 O-O $16) 22... fxe5 23. Nxe5) 21... Kf7 {[%emt 0:00:20] This costs Black the game.} (21... fxe5 $16 {was necessary.} 22. Nxe5 Nd6) 22. Be2 Rbf8 (22... h5 $16) 23. g4 $18 Ne7 24. gxf6 gxf6 25. g5 f5 26. Nd4 Rfg8 27. Rh6 Nc8 $2 {[%emt 0:00:41] [#]} (27... Ng6 28. Bh5 Ke7) 28. Rah1 {[%emt 0:00:18] White is clearly winning.} Nb6 29. Bd1 Kf8 30. Rf6+ Ke7 31. Nxf5+ Kd8 32. Nh6 Rg7 {[%emt 0:00:14] Weighted Error Value: White=0.26 (precise) /Black=0.66.  Mistake:       	White=3     	Black=7      Inaccurate:     	White=2     	Black=2      OK:         	White=8     	Black=5      Best:        	White=1     	Black=1} 1-0

[Event "RLP-ch Rapid 2024"]
[Site "Landau"]
[Date "2024.05.04"]
[Round "5.8"]
[White "Louis, Volker"]
[Black "Yakovenko, Oleg"]
[Result "1-0"]
[ECO "E36"]
[WhiteElo "2022"]
[BlackElo "2281"]
[Annotator "NA RC"]
[PlyCount "65"]
[EventDate "2024.05.03"]
[EventType "swiss"]
[EventCountry "GER"]
[SourceTitle "playchess.com"]
[Source "ChessBase"]
[SourceQuality "1"]
[TimeControl "900+5"]

1. d4 Nf6 2. c4 e6 3. Nc3 Bb4 4. Qc2 O-O 5. a3 Bxc3+ 6. Qxc3 d5 7. Nf3 dxc4 8. Qxc4 b6 9. Bg5 Ba6 10. Qa4 Qd7 11. Qc2 c5 12. Bxf6 gxf6 13. dxc5 Rc8 14. Rd1 Qe7 15. e3 Bb7 16. Qd2 Rxc5 17. Bd3 Nc6 18. O-O Rd8 19. b4 Rcd5 20. Qc2 f5 21. Be2 Qf6 22. b5 Ne7 23. Qc7 Rxd1 24. Bxd1 Rxd1 25. Rxd1 Bxf3 26. gxf3 Kg7 27. Kh1 Ng6 28. Qd8 Ne7 29. Qd4 e5 30. Qd6 Ng8 31. Rd5 Qh4 32. Qxe5+ f6 33. Qg3+ 1-0